 Dungeon Sprint DCSS version 0.29-a0-414-g5075937ec3 (webtiles) character file.

Game seed: 14578942880029982181

397 Zeld the Cleaver (level 6, -3/100 HPs)
             Began as a Minotaur Berserker on May 15, 2022.
             Was an Elder of Trog.
             Slain by a vampire (10 damage)
             ... in the Dungeon (Sprint IX: "|||||||||||||||||||||||||||||").
             The game lasted 00:00:50 (413 turns).

Zeld the Cleaver (Minotaur Berserker)                Turns: 413, Time: 00:00:51

Health: -3/100     AC: 10    Str: 23    XL:     6   Next: 53%
Magic:  5/5        EV: 12    Int:  4    God:    Trog [****..]
Gold:   0          SH:  0    Dex: 10    Spells: 5/5 levels left

rFire   . . .      SeeInvis .   a - +3 war axe (freeze)
rCold   . . .      Faith    .   (no shield)
rNeg    . . .      Spirit   .   b - +1 scale mail
rPois   .          Reflect  .   (helmet restricted)
rElec   .          Harm     .   (no cloak)
rCorr   .          Rampage  .   k - +0 pair of gloves
Will    ++...      NoTele   +   (no boots)
Stlth   ..........              (no amulet)
HPRegen 1.26/turn               (no ring)
MPRegen 0.09/turn               (no ring)

@: berserking, strong-willed, regenerating, very quick
A: horns 2, retaliatory headbutt
a: Renounce Religion, Berserk, Trog's Hand, Brothers in Arms


You were in the Dungeon.
You worshipped Trog.
Trog was greatly pleased with you.
You visited 1 branch

Inventory:

Hand Weapons
 a - a +3 war axe of freezing (weapon)
Armour
 b - a +1 scale mail (worn)
 k - a +0 pair of gloves (worn)
Wands
 j - a wand of iceblast (10)
Scrolls
 h - 2 scrolls of blinking
Potions
 c - 5 potions of curing
 d - 3 potions of heal wounds
 e - a potion of haste
 f - 4 potions of magic
 g - a potion of berserk rage
 i - a potion of invisibility


   Skills:
 * Level 10.4 Fighting
 * Level 10.5 Axes
 + Level 7.2 Armour
 + Level 6.5 Dodging


You had 5 spell levels left.
You didn't know any spells.
Your spell library was empty.

Dungeon Overview and Level Annotations

Branches:
Dungeon (1/1)

Altars:
Cheibriados
Dithmenos
Elyvilon
Fedhas
Gozag
Hepliaklqana
Kikubaaqudgha
Makhleb
Nemelex Xobeh
Okawaru
Qazlal
Ru
Sif Muna
Trog
Uskayaw
Vehumet
Wu Jian
Xom
Yredelemnul
Zin
The Shining One
Beogh
Jiyva
Lugonu


Innate Abilities, Weirdness & Mutations

You have a pair of horns on your head.
You reflexively headbutt those who attack you in melee.


Message History

* * * LOW HITPOINT WARNING * * *
The troll claws you but does no damage. The troll claws you.
* * * LOW HITPOINT WARNING * * *
You closely miss the troll. You headbutt the troll!
The troll is heavily wounded.
The troll bites you but does no damage. The troll claws you.
* * * LOW HITPOINT WARNING * * *
The troll barely misses you.
You slice the troll!! You freeze the troll.
You kill the troll!
Trog accepts your kill.
Your Fighting skill gained 2 levels and is now at level 10!
Your Axes skill gained 2 levels and is now at level 10!
Your Armour skill gained 2 levels and is now at level 7!
Your Dodging skill increases to level 6!
You have reached level 6!
The gnoll shaman hits you with a +0 whip.
* * * LOW HITPOINT WARNING * * *
The howler monkey hoots and howls with incredible vigour!
There is an open door to the Dungeon, spattered with blood here.
You closely miss the gnoll shaman. The gnoll shaman misses you.
You slice the gnoll shaman!! You freeze the gnoll shaman!
You kill the gnoll shaman!
Trog accepts your kill.
You can now call in reinforcements.
You barely miss something. You barely miss something. Something hits you!
* * * LOW HITPOINT WARNING * * *
Something bites you but does no damage.
The gargoyle hurls a stone arrow at you.
The stone arrow hits something!
You slash something! You freeze something. Something hits you.
* * * LOW HITPOINT WARNING * * *
Something bites you!
* * * LOW HITPOINT WARNING * * *
Something draws strength from your injuries!
You closely miss something. You closely miss something. Something hits you.
* * * LOW HITPOINT WARNING * * *
Something bites you!
You die...

▓+▓
▓.▓
▓h▓
▓Y▓
▓.▓
▓9▓
▓)▓
▓@▓
▓=▓
▓.▓
▓[▓
▓[▓
▓.▓
▓.▓
▓)▓
▓?▓


You could see a yak, a gargoyle and a howler monkey.

Vanquished Creatures
  A troll (D)
  A black bear (D)
  A howler monkey (D)
  A gnoll shaman (D)
  An iguana (D)
  2 orcs (D)
  A ball python (D)
  A goblin (D)
  A quokka (D)
  A bat (D)
  A frilled lizard (D)
12 creatures vanquished.

Notes
Turn   | Place    | Note
-------+----------+-------------------------------------------
     0 | D        | Zeld the Minotaur Berserker began the quest for the Orb.
     0 | D        | Reached XP level 1. HP: 19/19 MP: 0/0
     7 | D        | Reached ** piety under Trog
    71 | D        | Noticed a black bear
    71 | D        | Noticed a howler monkey
    71 | D        | Noticed an iguana
    74 | D        | Killed an iguana
    75 | D        | Reached skill level 5 in Fighting
    75 | D        | Reached skill level 5 in Axes
    75 | D        | Reached XP level 2. HP: 29/29 MP: 1/1
    75 | D        | Reached XP level 3. HP: 36/36 MP: 2/2
    82 | D        | Reached *** piety under Trog
    86 | D        | Reached XP level 4. HP: 40/45 MP: 3/3
    87 | D        | Killed a black bear
    88 | D        | Reached skill level 5 in Armour
    88 | D        | Reached skill level 5 in Dodging
    88 | D        | Reached XP level 5. HP: 48/53 MP: 4/4
   200 | D        | Found a snail-covered altar of Cheibriados.
   200 | D        | Found a shadowy altar of Dithmenos.
   200 | D        | Found a white marble altar of Elyvilon.
   200 | D        | Found a blossoming altar of Fedhas.
   200 | D        | Found an opulent altar of Gozag.
   201 | D        | Found a hazy altar of Hepliaklqana.
   202 | D        | Found a viscous altar of Jiyva.
   203 | D        | Found an ancient bone altar of Kikubaaqudgha.
   204 | D        | Found a corrupted altar of Lugonu.
   205 | D        | Found a burning altar of Makhleb.
   206 | D        | Found a sparkling altar of Nemelex Xobeh.
   207 | D        | Found an iron altar of Okawaru.
   208 | D        | Found a stormy altar of Qazlal.
   209 | D        | Found a sacrificial altar of Ru.
   210 | D        | Found a shimmering blue altar of Sif Muna.
   211 | D        | Found a bloodstained altar of Trog.
   212 | D        | Found a hide-covered altar of Uskayaw.
   213 | D        | Found a radiant altar of Vehumet.
   214 | D        | Found an ornate altar of the Wu Jian Council.
   215 | D        | Found a shimmering altar of Xom.
   216 | D        | Found a basalt altar of Yredelemnul.
   217 | D        | Found a glowing silver altar of Zin.
   218 | D        | Found a glowing golden altar of the Shining One.
   397 | D        | Noticed a yak
   397 | D        | Noticed a gargoyle
   397 | D        | Noticed a vampire
   397 | D        | Noticed a troll
   405 | D        | Killed a troll
   406 | D        | Reached skill level 10 in Fighting
   406 | D        | Reached skill level 10 in Axes
   406 | D        | Reached XP level 6. HP: 23/66 MP: 5/5
   408 | D        | Reached **** piety under Trog
   413 | D        | Slain by a vampire

Illustrated notes

Levels and vault maps discovered:
D:        linesprint [early_d, line_temple, items_1, d_10, items_2, lair_1,
          lair_end, items_3, orc_1, orc_end, items_4, d_15, swamp_1, shoals_1,
          snake_1, spider_1, d_20, vaults_1, items_5, swamp_end, shoals_end,
          snake_end, spider_end, vaults_end, d_27, items_6, zot_1, zot_end,
          crypt_end, forest_end, elf_end, slime_end, tomb_end, abyss_end,
          pan_hell_end]

Skill      XL: |  1  2  3  4  5 |
---------------+----------------+-----
Fighting       | 5 6 8 10 | 10.4
Axes           | 5 6 8 10 | 10.5
Armour         | 3 4 5 7 |  7.2
Dodging        | 3 4 5 6 |  6.5

Action                   |  1- 3 |  4- 6 || total
-------------------------+-------+-------++-------
Melee: Hand axe          |    20 |     2 ||    22
       Headbutt          |     2 |     3 ||     5
       War axe           |       |    13 ||    13
Invok: Berserk           |     1 |     1 ||     2
       Trog's Hand       |       |     1 ||     1
Armor: Animal skin       |     2 |       ||     2
       Scale mail        |       |     4 ||     4
Dodge: Dodged            |    11 |     9 ||    20

Table legend: (Time is in decaauts)
 A = Elapsed time spent in this place.
 B = Non-inter-level travel time spent in this place.
 C = Inter-level travel time spent in this place.
 D = Time resting spent in this place.
 E = Time spent auto-exploring this place.
 F = Levels seen in this place.
 G = Mean time per level.
                   A        B        C        D        E       F      G
               +--------+--------+--------+--------+--------+-----+--------+
         Total |    418 |    418 |      0 |    298 |      2 |   1 |  418.0 |
       Dungeon |    418 |    418 |      0 |    298 |      2 |   1 |  418.0 |
               +--------+--------+--------+--------+--------+-----+--------+

Top non-repeatable levels by time:
       D: 418 daAuts
